 Dungeon Crawl Stone Soup version 0.31.0-12-g77e489cdc1 (webtiles) character file.

Game seed: 16158607298885679231

48 DemonSlayer the Digger (level 3, -1/24 HPs)
             Began as a Demonspawn Earth Elementalist on Feb 19, 2024.
             Slain by a goblin
             ... wielding a +0 dagger
             ... led by Robin
              (4 damage)
             ... on level 2 of the Dungeon.
             The game lasted 00:00:55 (465 turns).

DemonSlayer the Digger (DsEE)                        Turns: 465, Time: 00:00:56

Health: -1/24      AC:  2    Str:  8    XL:     3   Next: 50%
Magic:  6/6        EV: 12    Int: 15    God:
Gold:   5          SH:  0    Dex: 15    Spells: 6/7 levels left

rFire   . . .        (no weapon)
rCold   . . .        (no shield)
rNeg    . . .        a - +0 robe
rPois   .            (helmet restricted)
rElec   .            (no cloak)
rCorr   .            (no gloves)
SInv    .            (no boots)
Will    .....        (no amulet)
Stlth   ++           (no ring)
HPRegen 0.24/turn    (no ring)
MPRegen 0.10/turn

%: no passive effects
@: no status effects
A: horns 1, demonic guardian 1
a: no special abilities


You were on level 2 of the Dungeon.
You visited 1 branch of the dungeon, and saw 2 of its levels.

You collected 5 gold pieces.

Inventory:

Armour
 a - a +0 robe (worn)
Scrolls
 c - a scroll of identify {unknown}
 e - a scroll of summoning {unknown}
Potions
 d - a potion of heal wounds {unknown}


   Skills:
 + Level 2.3 Dodging
 + Level 1.8 Stealth
 + Level 2.6 Spellcasting
 + Level 1.0 Conjurations
 + Level 3.4 Earth Magic


You had 6 spell levels left.
You knew the following spells:

 Your Spells              Type           Power      Damage    Failure   Level
a - Sandblast             Erth           24%        2d8       5%          1

Your spell library contained the following spells:

 Spells                   Type           Power      Damage    Failure   Level
 Passwall                 Erth           12%        N/A       16%         3
 Stone Arrow              Conj/Erth      16%        3d8       26%         3
 Brom's Barrelling Bould  Conj/Erth      8%         2d3       63%         4
 Petrify                  Alch/Erth      7%         N/A       71%         4


Dungeon Overview and Level Annotations

Branches:
Dungeon (2/15)

Altars:

Annotations:
D:2 Robin


Innate Abilities, Weirdness & Mutations

You have a pair of small horns on your head.
A weak demonic guardian rushes to your aid.


Message History

A goblin comes into view. It is wielding a +0 club.
Your ufetubus hits the goblin.
The goblin dies!
A goblin comes into view. It is wielding a +0 club.
Robin throws the goblin at you!
You swap places.
Your ufetubus hits the goblin.
Your ufetubus closely misses the goblin. x3
The goblin barely misses you.
You see here a quokka corpse.
Found a ring mail.
Your ufetubus hits the goblin.
The goblin dies!
Robin hits you from afar with a +0 trident.
* * * LOW HITPOINT WARNING * * *
You see here a +0 dagger.
The goblin shouts!
Your ufetubus barely misses Robin.
Your ufetubus closely misses Robin.
Robin roars a battlecry!
The goblins go into a battle-frenzy!
A goblin comes into view. It is wielding a +0 club.
Your ufetubus slips past Robin!
Your ufetubus hits Robin but does no damage.
Your ufetubus closely misses Robin.
Robin throws the goblin at you!
* * * LOW HITPOINT WARNING * * *
The goblin hits you with a +0 club.
* * * LOW HITPOINT WARNING * * *
Your ufetubus barely misses Robin. x2
Your ufetubus barely misses Robin.
Your ufetubus closely misses Robin.
The goblin hits you but does no damage.
Your ufetubus hits Robin.
Your ufetubus closely misses Robin.
The goblin hits you but does no damage.
Found a stone staircase leading down.
Your ufetubus closely misses Robin.
Your ufetubus misses Robin.
Your ufetubus barely misses the goblin. x2
Robin throws the goblin at you! The goblin closely misses you.
You hit the goblin.
The goblin is heavily wounded.
Your ufetubus slips past Robin!
Your ufetubus closely misses Robin.
Your ufetubus barely misses Robin.
The goblin hits you with a +0 dagger.
You die...

#.# #.# .># #.#
########.#
#......#.##
########........g#
....†..†)......g@#
#######)....g5...#
#....g...[.# ###
#.......#.##
#.###.#####.#.#
..#...#####...#
###.#..g..[.....#
#.#.#..######...#
..#.#......#


You could see Robin (ally target), 3 goblins and a friendly ufetubus (summoned).

Vanquished Creatures
  A gnoll (D:1)
  2 adders (D:2)
  A bat (D:1)
  2 endoplasms (D:2)
  3 goblins
  3 jackals (D:2)
  2 quokkas
  2 kobolds (D:2)
16 creatures vanquished.

Vanquished Creatures (collateral kills)
  2 goblins (D:2)
  A quokka (D:2)
3 creatures vanquished.

Grand Total: 19 creatures vanquished

Notes
Turn   | Place    | Note
-------+----------+-------------------------------------------
     0 | D:1      | DemonSlayer the Demonspawn Earth Elementalist began the
                  | quest for the Orb.
     0 | D:1      | Reached XP level 1. HP: 13/13 MP: 3/3
    88 | D:1      | Reached skill level 3 in Earth Magic
    88 | D:1      | Gained mutation: A weak demonic guardian rushes to your
                  | aid. [demonic ancestry]
    88 | D:1      | Reached XP level 2. HP: 19/19 MP: 0/5
   370 | D:2      | Gained mutation: You have a pair of small horns on your
                  | head. [demonic ancestry]
   370 | D:2      | Reached XP level 3. HP: 19/24 MP: 3/6
   453 | D:2      | Noticed Robin
   459 | D:2      | HP: 1/24 [goblin/+0 club[Robin] (3)]
   465 | D:2      | Slain by a goblin

Illustrated notes

Levels and vault maps discovered:
D:1:      scummos_arrival_simple_crosswalls, layout_basic, minmay_misc_feat_rows
D:2:      layout_basic, uniq_robin

Skill      XL: |  1 |
---------------+----+-----
Dodging        | 2 |  2.3
Earth Magic    | 3 |  3.4
Stealth        | |  1.8
Spellcasting   | |  2.6
Conjurations   | |  1.0

Action                     || total
---------------------------++-------
  Melee: Unarmed           ||    33
         Headbutt          ||     3
   Cast: Sandblast         ||    24
    Use: Potion            ||     1
 Armour: Robe              ||    38
  Dodge: Dodged            ||    44
